 Dungeon Crawl Stone Soup version 0.28-a0-1505-g8c907de6ad (webtiles) character file.

Game seed: 14363501004722459634

133 kae the Insei (level 4, 0/33 HPs)
             Began as a Demonspawn Transmuter on Jan 13, 2022.
             Slain by an ogre (17 damage)
             ... on level 4 of the Dungeon.
             The game lasted 00:02:03 (4063 turns).

kae the Insei (Demonspawn Transmuter)               Turns: 4063, Time: 00:02:03

Health: 0/33       AC:  2    Str: 10    XL:     4   Next: 93%
Magic:  4/7        EV: 19    Int: 17    God:
Gold:   79         SH:  0    Dex: 18    Spells: 0/8 levels left

rFire   . . .      SeeInvis .     - Unarmed
rCold   . . .      Faith    .   (shield currently unavailable)
rNeg    . . .      Spirit   .   (armour currently unavailable)
rPois   x          Reflect  .   (helmet currently unavailable)
rElec   .          Harm     .   (cloak currently unavailable)
rCorr   .          Rampage  .   (gloves currently unavailable)
Will    .....                   (boots currently unavailable)
Stlth   ++........              (no amulet)
HPRegen 0.11/turn               (no ring)
MPRegen 0.10/turn               (no ring)

@: spider-form
A: venomous fangs, tiny, (claws 1), (hooves 2)
a: End Transformation


You were on level 4 of the Dungeon.
You were a venomous arachnid creature.
You visited 1 branch of the dungeon, and saw 4 of its levels.

You collected 79 gold pieces.

Inventory:

Armour
 a - a +1 robe (melded)
Jewellery
 l - a ring of protection from fire
Scrolls
 h - 3 scrolls of noise
 k - 2 scrolls of blinking
Potions
 b - a potion of resistance
 d - 3 potions of brilliance
 e - 2 potions of curing
 g - a potion of lignification {unknown}
 i - a potion of heal wounds {unknown}


   Skills:
 + Level 1.9 Fighting
 - Level 1.7 Dodging
 * Level 3.5 Unarmed Combat
 + Level 2.6 Spellcasting
 * Level 3.0 Transmutations
 * Level 0.3 Ice Magic
 - Level 1.0 Poison Magic


You couldn't memorise any spells.
You knew the following spells:

 Your Spells              Type           Power      Damage    Failure   Level
a - Beastly Appendage     Tmut           24%        N/A       16%         1
b - Spider Form           Tmut/Pois      9%         N/A       45%         3
c - Ice Form              Ice/Tmut       7%         N/A       85%         4

Your spell library contained the following spells:

 Spells                   Type           Power      Damage    Failure   Level
 Wereblood                Tmut           12%        N/A       22%         2
 Passwall                 Tmut/Erth      5%         N/A       34%         2
 Ensorcelled Hibernation  Hex/Ice        4%         N/A       47%         2
 Swiftness                Air            2%         N/A       71%         3
 Blade Hands              Tmut           6%         N/A       94%         5
 Animate Armour           Summ/Erth      4%         N/A       96%         4
 Iron Shot                Conj/Erth      1%         9d1       100%        6


Dungeon Overview and Level Annotations

Branches:
Dungeon (4/15)
 Temple: D:4-7

Altars:


Innate Abilities, Weirdness & Mutations

You are a venomous arachnid creature.
You have poisonous fangs.
You are tiny and dextrous.
Your spellcasting is less reliable in this form.
Your armour is entirely melded.
You are incapable of wielding weapons or throwing items.
((You have sharp fingernails.))
((You have hoof-like feet.))


Message History

It is a scroll of brand weapon.
You aren't carrying any weapons that can be branded.
Something unseen opens the door.
Okay, then.
An ogre and a water moccasin skeleton come into view.
Your transformation is almost over.
The ogre shouts!
The water moccasin skeleton moves out of view.
An ogre is nearby!
An ogre is nearby!
Casting: Beastly Appendage (safe; 5% risk of failure)
Confirm with . or Enter, or press ? or * to list all spells.
The spell is quite dangerous to miscast (24% risk of failure)!
Continue anyway? [Y]es or [N]o only, please.
The spell is quite dangerous to miscast (24% risk of failure)!
Continue anyway?
Your horns disappear.
Your talons disappear.
You turn into a venomous arachnid creature.
Your +1 robe melds into your body.
You hit the ogre.
The ogre is poisoned.
The ogre is lightly wounded.
The ogre completely misses you.
You hit the ogre.
The ogre looks as sick as possible!
The ogre is moderately wounded.
The ogre hits you with a +0 giant spiked club!
You are too injured to fight recklessly!
You are too injured to fight recklessly!
You are too injured to fight recklessly!
You are too injured to fight recklessly!
You hit the ogre.
The ogre is severely wounded.
You barely miss the ogre.
The ogre is severely wounded.
The ogre closely misses you.
The water moccasin skeleton completely misses you.
You hit the ogre.
The ogre looks as sick as possible!
The ogre is almost dead.
The water moccasin skeleton barely misses you.
The ogre hits you with a +0 giant spiked club!
Ouch! That really hurt!
You die...

..........#
..........#
..........#
.........#
#.......#
#.......#
#.......#
+...).s<#
#....ZO.#
#....#'##
#....+..
#....#..
#....#..#
#....#..#
#....####


You could see an ogre (extremely poisoned) and a water moccasin skeleton.

Vanquished Creatures
  6 adders
  A worm (D:2)
  2 dart slugs
  2 ball pythons
  8 bats
  6 endoplasms
  3 giant cockroaches
  5 goblins
  6 hobgoblins
  12 jackals
  4 quokkas
  4 frilled lizards
  2 kobolds
  5 rats (D:1)
66 creatures vanquished.

Notes
Turn   | Place    | Note
-------+----------+-------------------------------------------
     0 | D:1      | kae the Demonspawn Transmuter began the quest for the Orb.
     0 | D:1      | Reached XP level 1. HP: 15/15 MP: 3/3
   412 | D:1      | Discovered your monstrous ancestry.
   412 | D:1      | Gained mutation: You have large cloven feet. [demonic
                  | ancestry]
   412 | D:1      | Reached XP level 2. HP: 20/21 MP: 5/5
   960 | D:1      | Gained mutation: You have sharp fingernails. [demonic
                  | ancestry]
   960 | D:1      | Reached XP level 3. HP: 21/26 MP: 6/6
  1242 | D:1      | Learned a level 3 spell: Spider Form
  2182 | D:2      | Found a faded altar of an unknown god.
  2200 | D:2      | Lost mutation: You have razor-sharp toenails. [demonic
                  | ancestry]
  2200 | D:2      | Lost mutation: You have sharp toenails. [demonic ancestry]
  2200 | D:2      | Gained mutation: You have hoof-like feet. [demonic
                  | ancestry]
  2200 | D:2      | Reached XP level 4. HP: 32/33 MP: 5/7
  2910 | D:3      | Learned a level 4 spell: Ice Form
  2930 | D:3      | Reached skill level 1 in Poison Magic
  4057 | D:4      | Noticed an ogre
  4063 | D:4      | Slain by an ogre

Illustrated notes

Levels and vault maps discovered:
D:1:      onia_arrival_pyramid, layout_basic
D:2:      layout_rooms, chequers_ecumenical_altar_simple
D:3:      layout_basic
D:4:      layout_gridville, mainiacjoe_overflow_boulevard,
          minmay_stone_trees_medium, nicolae_figureground_sparkle

Skill      XL: |  1  2  3  4 |
---------------+-------------+-----
Transmutations | 2 3 |  3.0
Unarmed Combat | 3 |  3.5
Poison Magic   | 1 |  1.0
Fighting       | |  1.9
Dodging        | |  1.7
Spellcasting   | |  2.6
Ice Magic      | |  0.3

Action                   |  1- 3 |  4- 6 || total
-------------------------+-------+-------++-------
Melee: Unarmed           |   124 |    51 ||   175
       Kick              |    29 |     6 ||    35
       Headbutt          |     8 |     5 ||    13
       Punch             |     2 |       ||     2
 Cast: Beastly Appendage |    21 |    11 ||    32
       Spider Form       |       |     3 ||     3
  Use: Scroll            |     2 |     4 ||     6
       Potion            |       |     2 ||     2
Armor: Robe              |    30 |     5 ||    35
       Skin              |       |     1 ||     1
Dodge: Dodged            |   103 |    39 ||   142

Table legend: (Time is in decaauts)
 A = Elapsed time spent in this place.
 B = Non-inter-level travel time spent in this place.
 C = Inter-level travel time spent in this place.
 D = Time resting spent in this place.
 E = Time spent auto-exploring this place.
 F = Levels seen in this place.
 G = Mean time per level.
                   A        B        C        D        E       F      G
               +--------+--------+--------+--------+--------+-----+--------+
         Total |   4052 |   3953 |     99 |      2 |   3506 |   4 | 1013.0 |
       Dungeon |   4052 |   3953 |     99 |      2 |   3506 |   4 | 1013.0 |
               +--------+--------+--------+--------+--------+-----+--------+

Top non-repeatable levels by time:
     D:1: 1885 daAuts
     D:3: 1291 daAuts
     D:2: 857 daAuts
     D:4: 17 daAuts
